 Dungeon Crawl Stone Soup version 0.28.0-53-g5a82cb258f (webtiles) character file.

Game seed: 5852798329683692892

1469 jiml777 the Gusty (level 8, -5/58 HPs)
             Began as a Gnoll Air Elementalist on July 25, 2022.
             Was an Initiate of Gozag.
             Slain by a wyvern (8 damage)
             ... on level 7 of the Dungeon.
             The game lasted 00:33:39 (7642 turns).

jiml777 the Gusty (Gnoll Air Elementalist)          Turns: 7642, Time: 00:33:40

Health: -5/58      AC:  5    Str:  8    XL:     8   Next: 77%
Magic:  26/26      EV: 14    Int: 22    God:    Gozag
Gold:   1488       SH:  6    Dex: 13    Spells: 7/19 levels left

rFire   + . .      SeeInvis .   d - +6 dagger (venom)
rCold   + . .      Faith    .   C - +1 buckler
rNeg    . . .      Spirit   .   a - +0 robe
rPois   .          Reflect  .   w - +1 hat
rElec   .          Harm     .   i - scarf {rC+ rF+}
rCorr   .          Rampage  .   K - +0 pair of gloves
Will    .....                   v - +0 pair of boots
Stlth   +++.......              (no amulet)
HPRegen 0.19/turn               j - ring of magical power
MPRegen 0.20/turn               q - +6 ring of intelligence

@: no status effects
A: fangs 1, strong nose, distributed training, antennae 1, talons 1
a: Renounce Religion, Potion Petition, Call Merchant, Bribe Branch


You were on level 7 of the Dungeon.
You worshipped Gozag.
Gozag was most pleased with you.
You visited 2 branches of the dungeon, and saw 8 of its levels.
You also visited: Sewer.

You collected 1582 gold pieces.
You spent 58 gold pieces at shops.
You paid 36 gold pieces to Gozag.

Inventory:

Hand Weapons
 c - a +0 short sword
 d - a +6 dagger of venom (weapon)
 f - a +3 dagger
 A - a +0 broad axe
 H - a +0 rapier
Missiles
 e - 31 bolts
 l - 58 sling bullets
 m - 194 stones
 p - 121 arrows
 u - 7 silver boomerangs
 F - 5 poisoned darts
Armour
 a - a +0 robe (worn)
 i - a scarf of resistance (worn)
 o - a +0 cloak
 r - the +0 helmet of Guatabei {Harm *Slow rCorr Str+6}
   (You took it off Robin on level 2 of the Dungeon)

   Str:       It affects your strength (+6).
   rCorr:     It protects you from acid and corrosion.
   *Slow:     It may slow you when you take damage.
   Harm:      It increases damage dealt and taken.
 v - a +0 pair of boots (worn)
 w - a +1 hat (worn)
 C - a +1 buckler (worn)
 K - a +0 pair of gloves (worn)
Magical Staves
 g - a staff of air
Jewellery
 j - a ring of magical power (left hand)
 k - an amulet of guardian spirit
 q - a +6 ring of intelligence (right hand)
Wands
 s - a wand of digging (8)
 x - a wand of iceblast (5)
 y - a wand of charming (11)
 D - a wand of acid (9)
Scrolls
 h - a scroll of blinking
 t - a scroll of amnesia
 B - 2 scrolls of identify
 E - a scroll of fog {unknown}
 I - a scroll of teleportation {unknown}
Potions
 b - 3 potions of curing
 n - 3 potions of brilliance
 z - a potion of magic
 G - a potion of invisibility
 J - a potion of cancellation {unknown}


   Skills:
 + Level 3.5 Fighting
 + Level 3.5 Short Blades
 + Level 3.5 Long Blades
 + Level 3.5 Axes
 + Level 3.5 Maces & Flails
 + Level 3.5 Polearms
 + Level 3.5 Staves
 + Level 3.5 Slings
 + Level 3.5 Bows
 + Level 3.5 Crossbows
 + Level 3.5 Throwing
 + Level 3.5 Armour
 + Level 5.9 Dodging
 + Level 5.5 Stealth
 + Level 3.5 Shields
 + Level 3.5 Unarmed Combat
 + Level 6.2 Spellcasting
 + Level 3.7 Conjurations
 + Level 2.9 Hexes
 + Level 2.9 Summonings
 + Level 2.9 Necromancy
 + Level 2.9 Translocations
 + Level 2.9 Transmutations
 + Level 2.9 Fire Magic
 + Level 2.9 Ice Magic
 + Level 6.2 Air Magic
 + Level 2.9 Earth Magic
 + Level 2.9 Poison Magic
 + Level 3.9 Invocations
 + Level 3.5 Evocations


You had 7 spell levels left.
You knew the following spells:

 Your Spells              Type           Power      Damage    Failure   Level
a - Shock                 Conj/Air       100%       1d9       1%          1
b - Static Discharge      Conj/Air       28%        N/A       2%          2
c - Swiftness             Air            34%        N/A       2%          3
d - Airstrike             Air            17%        N/A       9%          4
e - Blink                 Tloc           38%        N/A       5%          2

Your spell library contained the following spells:

 Spells                   Type           Power      Damage    Failure   Level
 Lesser Beckoning         Tloc           19%        N/A       11%         3
 Manifold Assault         Tloc           19%        N/A       67%         5


Dungeon Overview and Level Annotations

Branches:
Dungeon (7/15)             Temple (1/1) D:4           Sewer (visited)

Altars:
Ashenzari
Cheibriados
Dithmenos
Fedhas
Gozag
Hepliaklqana
Makhleb
Nemelex Xobeh
Qazlal
Sif Muna
Trog
Uskayaw
Vehumet
Zin
The Shining One

Shops:
D:3 [


Innate Abilities, Weirdness & Mutations

You have very sharp teeth.
Your uncanny sense of smell can sniff out nearby items.
Your experience applies equally to all skills.
You have a pair of small antennae on your head.
You have sharp toenails.


Message History

You hit the wight but do no damage.
The wight is almost destroyed.
The wight closely misses you.
You completely miss the wight.
The wight is almost destroyed.
The wight hits you but does no damage.
You puncture the wight!
You destroy the wight!
Your life force feels restored.
You now have 1488 gold pieces (gained 7).
Things that are here:
a +0 dagger; a +0 robe A wight comes into view.
It is wielding a +0 dire flail.
A wyvern comes into view.
You open the door.
The wyvern hisses angrily.
The wyvern bites you! The wyvern misses you.
There is an open door here.
You hit the wyvern.
The wyvern is poisoned.
The wyvern is lightly wounded.
The wyvern completely misses you. The wyvern bites you!
You hit the wyvern.
The wyvern is lightly wounded.
The wyvern bites you!
You puncture the wyvern!
The wyvern looks as sick as possible!
You bite the wyvern, but do no damage.
The wyvern is heavily wounded.
The wyvern bites you.
You hit the wyvern but do no damage.
The wyvern is heavily wounded.
The wyvern bites you.
* * * LOW HITPOINT WARNING * * *
You hit the wyvern but do no damage.
The wyvern looks as sick as possible!
The wyvern is heavily wounded.
The wyvern bites you!
* * * LOW HITPOINT WARNING * * *
The wyvern bites you!
You die...
Your body crumbles into a pile of gold.

z..........# ..........#
#........# ∆ #........#
$ # #####........# .#
.............#######..#
####...).............#.
#<....#..#######l#.....
####..#).......@........
#..############....##
#.... ...... ......
..... ......... .....
#.###..## ..#. #. ..#
..#


You could see a wyvern (extremely poisoned).

Vanquished Creatures
  2 black bears
  2 ogres (D:5)
  2 necrophages
  A kobold brigand (D:6)
  4 scorpions
  A wight (D:7)
  An orc priest (D:4)
  A hound (D:4)
  2 bullfrog skeletons (D:6)
  A centaur skeleton (D:4)
  2 iguanas (D:5)
  2 orc wizards (D:6)
  Robin (D:2)
  4 gnolls (D:3)
  2 howler monkey skeletons
  7 river rats
  7 adders
  3 shadow imps (D:6)
  A worm (D:2)
  2 dart slugs
  11 orcs
  7 endoplasms
  4 giant cockroaches
  19 goblins
  8 hobgoblins
  3 jackals (D:4)
  8 kobolds
  6 quokkas
  6 ball pythons
  3 bats
  11 frilled lizards
  10 rats
144 creatures vanquished.

Vanquished Creatures (others)
  5 fungi (D:2)
  6 plants (D:2)
11 creatures vanquished.

Grand Total: 155 creatures vanquished

Notes
Turn   | Place    | Note
-------+----------+-------------------------------------------
     0 | D:1      | jiml777 the Gnoll Air Elementalist began the quest for the
                  | Orb.
     0 | D:1      | Reached XP level 1. HP: 13/13 MP: 6/6
   468 | D:1      | Reached XP level 2. HP: 6/19 MP: 7/7
  1194 | D:1      | Learned a level 2 spell: Static Discharge
  1388 | D:1      | Reached XP level 3. HP: 25/25 MP: 6/9
  1461 | D:2      | Reached skill level 5 in Spellcasting
  2011 | D:2      | Reached skill level 1 in Invocations
  2147 | D:2      | Found a faded altar of an unknown god.
  2174 | D:2      | Reached skill level 1 in Fighting
  2174 | D:2      | Reached skill level 1 in Short Blades
  2174 | D:2      | Reached skill level 1 in Long Blades
  2174 | D:2      | Reached skill level 1 in Axes
  2174 | D:2      | Reached skill level 1 in Maces & Flails
  2174 | D:2      | Reached skill level 1 in Polearms
  2174 | D:2      | Reached skill level 1 in Staves
  2174 | D:2      | Reached skill level 1 in Slings
  2174 | D:2      | Reached skill level 1 in Bows
  2174 | D:2      | Reached skill level 1 in Crossbows
  2174 | D:2      | Reached skill level 1 in Throwing
  2174 | D:2      | Reached skill level 1 in Armour
  2174 | D:2      | Reached skill level 1 in Shields
  2174 | D:2      | Reached skill level 1 in Unarmed Combat
  2174 | D:2      | Reached skill level 1 in Evocations
  2175 | D:2      | Identified the +0 helmet of Guatabei {Harm *Slow rCorr
                  | Str+6}
  2175 | D:2      | Noticed Robin
  2187 | D:2      | Killed Robin
  2188 | D:2      | Reached XP level 4. HP: 25/32 MP: 0/11
  2793 | D:3      | Reached skill level 1 in Hexes
  2793 | D:3      | Reached skill level 1 in Summonings
  2793 | D:3      | Reached skill level 1 in Necromancy
  2793 | D:3      | Reached skill level 1 in Translocations
  2793 | D:3      | Reached skill level 1 in Transmutations
  2793 | D:3      | Reached skill level 1 in Fire Magic
  2793 | D:3      | Reached skill level 1 in Ice Magic
  2793 | D:3      | Reached skill level 1 in Earth Magic
  2793 | D:3      | Reached skill level 1 in Poison Magic
  3114 | D:3      | Learned a level 3 spell: Swiftness
  3119 | D:3      | Learned a level 4 spell: Airstrike
  3122 | D:3      | Learned a level 2 spell: Blink
  3182 | D:3      | Gained mutation: You have sharp toenails. [potion of
                  | mutation]
  3182 | D:3      | Gained mutation: You have a pair of small antennae on your
                  | head. [potion of mutation]
  3316 | D:3      | Found Witapn's Armour Emporium.
  3323 | D:3      | Bought a +0 cloak for 58 gold pieces
  3343 | D:3      | Reached XP level 5. HP: 37/37 MP: 12/12
  3939 | D:4      | Identified a scroll of acquirement
  3939 | D:4      | Acquired 901 gold pieces
  4197 | D:4      | Reached XP level 6. HP: 19/44 MP: 13/13
  4450 | D:4      | Noticed a necrophage
  4454 | D:4      | Killed a necrophage
  4455 | D:4      | Reached skill level 5 in Dodging
  4522 | D:4      | Found a staircase to the Ecumenical Temple.
  4539 | Temple   | Entered the Ecumenical Temple
  4626 | Temple   | Became a worshipper of Gozag Ym Sagoz the Greedy
  4909 | D:4      | Noticed a black bear
  4911 | D:4      | Killed a black bear
  4912 | D:4      | Reached XP level 7. HP: 50/50 MP: 15/15
  5047 | D:5      | Entered Level 5 of the Dungeon
  5158 | D:5      | Reached skill level 5 in Stealth
  5308 | D:5      | Found a glowing drain.
  5314 | Sewer    | Entered a sewer
  6104 | D:5      | Reached XP level 8. HP: 40/58 MP: 16/16
  7629 | D:7      | Noticed a wyvern
  7642 | D:7      | Slain by a wyvern

Illustrated notes

Levels and vault maps discovered:
D:1:      tarquinn_simple_flora_water_a, layout_basic, glass_columns_b
D:2:      layout_rooms, shapermc_ecumenical_altar_mp_urbaneastern, uniq_robin
D:3:      layout_loops_corners, serial_shops, shop,
          chequers_serial_rivers_room_b
D:4:      black_bear_nest_2, layout_cave_pools, minmay_temple_entry_wispy,
          hangedman_abyss_or_decor_passed
D:5:      layout_cave_pools, gup_sewer_entry_spiral
D:6:      nicolae_cairo_tiling_large_dashed, layout_rooms
D:7:      layout_basic
Temple:   mainiacjoe_temple_circle_huts

Skill      XL: |  1  2  3  4  5  6  7  8 |
---------------+-------------------------+-----
Conjurations   | 2 3 |  3.7
Spellcasting   | 5 6 |  6.2
Invocations    | 1 2 3 |  3.9
Fighting       | 1 2 3 |  3.5
Short Blades   | 1 2 3 |  3.5
Long Blades    | 1 2 3 |  3.5
Axes           | 1 2 3 |  3.5
Maces & Flails | 1 2 3 |  3.5
Polearms       | 1 2 3 |  3.5
Staves         | 1 2 3 |  3.5
Slings         | 1 2 3 |  3.5
Bows           | 1 2 3 |  3.5
Crossbows      | 1 2 3 |  3.5
Throwing       | 1 2 3 |  3.5
Armour         | 1 2 3 |  3.5
Shields        | 1 2 3 |  3.5
Unarmed Combat | 1 2 3 |  3.5
Evocations     | 1 2 3 |  3.5
Hexes          | 1 2 |  2.9
Summonings     | 1 2 |  2.9
Necromancy     | 1 2 |  2.9
Translocations | 1 2 |  2.9
Transmutations | 1 2 |  2.9
Fire Magic     | 1 2 |  2.9
Ice Magic      | 1 2 |  2.9
Earth Magic    | 1 2 |  2.9
Poison Magic   | 1 2 |  2.9
Dodging        | 5 |  5.9
Stealth        | 5 |  5.5
Air Magic      | 6 |  6.2

Action                   |  1- 3 |  4- 6 |  7- 9 || total
-------------------------+-------+-------+-------++-------
Melee: Dagger            |   106 |    84 |   210 ||   400
       Short sword       |     1 |       |       ||     1
       Staff             |    10 |     1 |       ||    11
       Bite              |    13 |    11 |    17 ||    41
       Punch             |     1 |     2 |       ||     3
 Cast: Shock             |    21 |    14 |     3 ||    38
       Airstrike         |       |     3 |       ||     3
  Use: Scroll            |       |    14 |     5 ||    19
       Potion            |       |     1 |       ||     1
 Stab: Sleeping          |     9 |    13 |     6 ||    28
Armor: Robe              |    16 |    16 |    32 ||    64
Dodge: Dodged            |    58 |    43 |   131 ||   232
Block: Buckler           |       |       |    16 ||    16
